cohdb
Replays
Latest Replays
All Replays
Popular Replays
Top Player Replays
Match Explorer
How It Works
Community
CoH3 Stats
Reddit
Sign in to upload your games and track your stats! →
Sign in with Steam
Allied Chads Victorious
Match 17562530
Overview
Messages
Build Orders
End
Engineer Squad
Engineer Squad
Selects Armored Battlegroup
Selects Assault Engineers
Construct Barracks
Riflemen Squad
Grenade Package
Riflemen Squad
Infantry Support Center
M1918 Browning Automatic Rifles
Selects Strength in Steel
.30 cal Machine Gun
Construct Motor Pool
Munitions Surplus
Mortar Pit
M24 Chaffee Light Tank
M24 Chaffee Light Tank
Riflemen Squad
Selects Seek and Destroy
M24 Chaffee Light Tank
Tok3n x Operator
Poncho Villa
Joe™
MonoChrome
privious
goldship
28598519a
Basic
0
0
Comments
sign in to comment!
No comments posted yet!